 Dungeon Crawl Stone Soup version 0.31-a0-204-g7da18cac08 (webtiles) character file.

Game seed: 7210539565024314049

1053 gelatine the Firebug (level 8, 0/57 HPs)
             Began as a Demonspawn Fire Elementalist on June 27, 2023.
             Slain by an orc
             ... wielding a +0 war axe
              (4 damage)
             ... on level 6 of the Dungeon.
             The game lasted 00:11:55 (6962 turns).

gelatine the Firebug (Demonspawn Fire Elementalist) Turns: 6962, Time: 00:11:55

Health: 0/57       AC:  8    Str:  9    XL:     8   Next: 5%
Magic:  4/15       EV: 13    Int: 18    God:
Gold:   318        SH:  0    Dex: 14    Spells: 10/16 levels left

rFire   + . .        q - +2 short sword (flame)
rCold   x . .        (no shield)
rNeg    . . .        a - +0 robe
rPois   .            (no helmet)
rElec   .            (no cloak)
rCorr   +            (no gloves)
SInv    .            i - +1 pair of boots
Will    .....        r - amulet of regeneration
Stlth   ++           w - ring of fire
HPRegen 1.09/turn    (no ring)
MPRegen 0.14/turn

%: no passive effects
@: studying Stealth
A: hooves 1, yellow scales 3, foul stench 1
a: no special abilities


You were on level 6 of the Dungeon.
You visited 2 branches of the dungeon, and saw 7 of its levels.

You collected 318 gold pieces.

Inventory:

Hand Weapons
 c - a +1 short sword of electrocution
 q - a +2 short sword of flaming (weapon)
Missiles
 v - a throwing net
Armour
 a - a +0 robe (worn)
 i - a +1 pair of boots (worn)
 l - a +0 leather armour
Jewellery
 r - an amulet of regeneration (around neck)
 w - a ring of fire (left hand)
Wands
 m - a wand of digging (3)
Scrolls
 d - a scroll of enchant armour {unknown}
 e - 4 scrolls of identify {unknown}
 f - 2 scrolls of fear {unknown}
 h - 4 scrolls of teleportation {unknown}
 o - 2 scrolls of fog {unknown}
 t - 2 scrolls of vulnerability {unknown}
Potions
 b - 4 potions of magic
 g - a potion of might {unknown}
 j - a potion of resistance {unknown}
 k - a potion of haste {unknown}
 n - a potion of ambrosia {unknown}
 p - a potion of lignification {unknown}
 s - a potion of heal wounds {unknown}
 u - 2 potions of curing {unknown}


   Skills:
 * Level 2.6 Fighting
 * Level 2.2 Short Blades
 * Level 3.3 Dodging
 + Level 2.1 Stealth
 * Level 4.9 Spellcasting
 * Level 3.2 Conjurations
 + Level 0.1 Translocations
 * Level 5.2 Fire Magic


You had 10 spell levels left.
You knew the following spells:

 Your Spells              Type           Power      Damage    Failure   Level
a - Foxfire               Conj/Fire      100%       2x1d9     2%          1
b - Scorch                Fire           68%        2d8       2%          2
c - Volatile Blastmotes   Fire/Tloc      42%        2d13      13%         3

Your spell library contained the following spells:

 Spells                   Type           Power      Damage    Failure   Level
 Inner Flame              Hex/Fire       20%        N/A       14%         3
 Flame Wave               Conj/Fire      29%        2d9       24%         4


Dungeon Overview and Level Annotations

Branches:
Dungeon (6/15)             Temple (1/1) D:5

Altars:
Ashenzari
Cheibriados
Dithmenos
Fedhas
Gozag
Kikubaaqudgha
Okawaru
Qazlal
Uskayaw
Wu Jian
Xom

Shops:
D:3 :   D:4 [


Innate Abilities, Weirdness & Mutations

You have large cloven feet.
You are completely covered in yellow scales. (AC +4, rCorr)
You may rarely emit foul miasma when damaged in melee.


Message History

You feel very sick.
You feel sick.
You feel sick.
A gnoll comes into view. It is wielding a +0 flail.
You feel sick.
You feel sick.
You feel sick.
The gnoll shouts!
The gnoll closely misses you.
You hit the gnoll. You burn the gnoll.
The gnoll is lightly wounded.
You feel sick. The gnoll hits you with a +0 flail!
* * * LOW HITPOINT WARNING * * *
You emit a cloud of foul miasma!
The orc barely misses you.
You hit the gnoll. You burn the gnoll.
The gnoll is moderately wounded.
You feel sick.
You hit the gnoll but do no damage.
The gnoll is moderately wounded.
You feel sick. The orc closely misses you.
The gnoll is engulfed in dark miasma.
The gnoll is poisoned.
The gnoll hits you with a +0 flail!
* * * LOW HITPOINT WARNING * * *
The orc hits you but does no damage.
You hit the gnoll. You burn the gnoll.
You kill the gnoll!
You feel sick.
You are no longer poisoned.
The orc hits you with a +0 war axe.
* * * LOW HITPOINT WARNING * * *
The orc hits you but does no damage.
Things that are here:
a +0 flail; a gnoll corpse The orc attacks as you move away!
The orc closely misses you.
The gnoll hits you from afar with a +0 spear.
* * * LOW HITPOINT WARNING * * *
The orc attacks as you move away! The orc hits you but does no damage.
The gnoll hits you but does no damage. The orc attacks as you move away!
The orc hits you with a +0 war axe.
You die...

#....#.........#..#
#.)..#.........#..#
#....#.........#'##
#....########.....#
#....##.....#.....#
#...........#.....#
#...........#.....#
#...........#g....###
#...@.g.....#.....)..
#..oo##.....#........
#..g°##.....#....[...
#...g########........
#....#.........#####+
#....#.........#
#....#.........#
#....#.........#
#....#.........#


You could see a gnoll sergeant, 2 gnolls and 2 orcs.

Vanquished Creatures
  A water moccasin (D:5)
  A black bear (D:6)
  2 ogres
  A phantom (D:4)
  A bullfrog (D:6)
  A scorpion (D:4)
  3 hounds
  An orc priest (D:5)
  A jelly (D:6)
  A gnoll bouda (D:5)
  An orc wizard (D:5)
  2 iguanas
  8 gnolls
  5 adders
  2 ufetubi
  A worm (D:2)
  3 dart slugs
  2 orcs (D:5)
  5 bats
  4 endoplasms
  4 giant cockroaches
  11 goblins
  9 hobgoblins
  13 jackals
  2 kobolds
  4 quokkas
  4 ball pythons
  7 frilled lizards
  5 rats
105 creatures vanquished.

Vanquished Creatures (others)
  337 foxfires
337 creatures vanquished.

Grand Total: 442 creatures vanquished

Notes
Turn   | Place    | Note
-------+----------+-------------------------------------------
     0 | D:1      | gelatine the Demonspawn Fire Elementalist began the quest
                  | for the Orb.
     0 | D:1      | Reached XP level 1. HP: 13/13 MP: 3/3
   172 | D:1      | Gained mutation: You are partially covered in yellow
                  | scales. (AC +2) [demonic ancestry]
   172 | D:1      | Reached XP level 2. HP: 20/20 MP: 1/5
   233 | D:1      | Learned a level 2 spell: Scorch
   240 | D:1      | Reached skill level 3 in Fire Magic
   529 | D:1      | Gained mutation: You have large cloven feet. [demonic
                  | ancestry]
   529 | D:1      | Reached XP level 3. HP: 25/25 MP: 3/6
  1534 | D:2      | Reached skill level 1 in Fighting
  1883 | D:2      | Gained mutation: You may rarely emit foul miasma when
                  | damaged in melee. [demonic ancestry]
  1883 | D:2      | Reached XP level 4. HP: 32/32 MP: 4/7
  2658 | D:2      | Found a faded altar of an unknown god.
  3325 | D:3      | Found a blossoming altar of Fedhas.
  3360 | D:3      | Found Qypoxe's Book Shoppe.
  3434 | D:3      | Learned a level 3 spell: Volatile Blastmotes
  3728 | D:4      | Found a stormy altar of Qazlal.
  3756 | D:4      | Found Iziul's Antique Armour Shop.
  3757 | D:4      | Noticed a scorpion
  3768 | D:4      | Killed a scorpion
  3769 | D:4      | Reached skill level 1 in Short Blades
  3769 | D:4      | Gained mutation: You are mostly covered in yellow scales.
                  | (AC +3) [demonic ancestry]
  3769 | D:4      | Reached XP level 5. HP: 23/37 MP: 1/9
  4233 | D:4      | Reached skill level 4 in Fire Magic
  4499 | D:4      | Noticed a phantom
  4507 | D:4      | Killed a phantom
  4508 | D:4      | Gained mutation: You are completely covered in yellow
                  | scales. (AC +4, rCorr) [demonic ancestry]
  4508 | D:4      | Reached XP level 6. HP: 44/44 MP: 0/11
  4512 | D:5      | Entered Level 5 of the Dungeon
  4946 | D:5      | Found a hide-covered altar of Uskayaw.
  4949 | D:5      | Found a broken altar of Ashenzari.
  5276 | D:5      | Reached XP level 7. HP: 50/50 MP: 7/12
  5517 | D:5      | Found a staircase to the Ecumenical Temple.
  5526 | Temple   | Entered the Ecumenical Temple
  6741 | D:6      | Reached skill level 5 in Fire Magic
  6845 | D:5      | Reached XP level 8. HP: 26/57 MP: 6/15
  6962 | D:6      | Slain by an orc

Illustrated notes

Levels and vault maps discovered:
D:1:      tarquinn_simple_flora_water_c, layout_loops_ring,
          chequers_serial_rivers_large_b, minmay_pentomino_r2
D:2:      layout_basic, dilly_ecumenical_altar_fadedgnrine,
          kennysheep_pointless_box, kennysheep_donut, minmay_liquid_box,
          amethyst_killhole, serial_bayou_pond_d
D:3:      layout_loops_ring, nicolae_overflow_hidden_temple, serial_shops, shop,
          grunt_ministairs_1
D:4:      layout_loops_ring, overflow_temple_1_default, serial_shops, shop,
          dk_rats_in_the_wall
D:5:      layout_layer_cave, mainiacjoe_overflow_brackets,
          mainiacjoe_overflow_tiny_flanked, lemuel_temple_firewalk_b
D:6:      layout_gridville, trog_three_pillars_becter, kennysheep_mini_moat,
          grunt_ministairs_7, kennysheep_generic_room_16
Temple:   hellmonk_temple_flake

Skill      XL: |  1  2  3  4  5  6  7 |
---------------+----------------------+-----
Dodging        | 2 3 |  3.3
Fire Magic     | 3 4 5 |  5.2
Fighting       | 1 2 |  2.6
Short Blades   | 1 2 |  2.2
Spellcasting   | 3 4 |  4.9
Conjurations   | 2 3 |  3.2
Stealth        | 2 |  2.1
Translocations | |  0.1

Action                     |  1- 3 |  4- 6 |  7- 9 || total
---------------------------+-------+-------+-------++-------
  Melee: Short sword       |    19 |    36 |    14 ||    69
         Kick              |     2 |       |       ||     2
   Cast: Foxfire           |    76 |   105 |    28 ||   209
         Scorch            |     3 |    20 |    12 ||    35
         Volatile Blastmot |       |     3 |     8 ||    11
 Armour: Robe              |     9 |    21 |    22 ||    52
  Dodge: Dodged            |    16 |    39 |    44 ||    99

Table legend: (Time is in decaauts)
 A = Elapsed time spent in this place.
 B = Non-inter-level travel time spent in this place.
 C = Inter-level travel time spent in this place.
 D = Time resting spent in this place.
 E = Time spent auto-exploring this place.
 F = Levels seen in this place.
 G = Mean time per level.
                   A        B        C        D        E       F      G
               +--------+--------+--------+--------+--------+-----+--------+
         Total |   6993 |   6918 |     75 |      0 |   6095 |   7 |  999.0 |
       Dungeon |   6840 |   6765 |     75 |      0 |   5963 |   6 | 1140.0 |
        Temple |    152 |    152 |      0 |      0 |    132 |   1 |  152.0 |
               +--------+--------+--------+--------+--------+-----+--------+

Top non-repeatable levels by time:
     D:5: 1807 daAuts
     D:1: 1441 daAuts
     D:2: 1343 daAuts
     D:4: 1148 daAuts
     D:3: 873 daAuts
     D:6: 226 daAuts
  Temple: 152 daAuts
